 Dungeon Crawl Stone Soup version 0.30-a0-210-g01b79a254e (webtiles) character file.

Game seed: 16897566668879023594

1096 valliere the Insei (level 8, -6/54 HPs)
             Began as an Octopode Transmuter on Oct 4, 2022.
             Was an Initiate of Gozag.
             Killed by nerve-wracking pain
             ... invoked by an orc priest
              (11 damage)
             ... on level 6 of the Dungeon.
             The game lasted 00:15:25 (5249 turns).

valliere the Insei (Octopode Transmuter)            Turns: 5249, Time: 00:15:28

Health: -6/54      AC:  1    Str: 11    XL:     8   Next: 31%
Magic:  11/11      EV: 15    Int: 16    God:    Gozag
Gold:   457        SH:  0    Dex: 18    Spells: 10/11 levels left

rFire   . . .      SeeInvis .      - Unarmed
rCold   . . .      Faith    .    (no shield)
rNeg    . . .      Spirit   .    (helmet currently unavailable)
rPois   .          Reflect  .    m - amulet of magic regeneration
rElec   .          Harm     .    h - +6 ring of dexterity
rCorr   .          Rampage  .    (no ring)
Will    .....                    (no ring)
Stlth   ++++......               (no ring)
HPRegen 0.29/turn                (no ring)
MPRegen 0.52/turn                (no ring)
                                 (no ring)
                                 (no ring)

@: appendages, gold aura
A: tentacle spike 3, almost no armour, amphibious, 8 rings, camouflage 1,
gelatinous body 1, (nimble swimmer 1), tentacles
a: End Transformation, Renounce Religion, Potion Petition, Call Merchant, Bribe
Branch


You were on level 6 of the Dungeon.
You worshipped Gozag.
Gozag was aware of your devotion.
One of your tentacles had grown a beastly spike.
You visited 2 branches of the dungeon, and saw 7 of its levels.
You also visited: Sewer.

You collected 557 gold pieces.
You paid 100 gold pieces to Gozag.

Inventory:

Missiles
 n - 33 poisoned darts
 r - 6 curare-tipped darts
Jewellery
 h - a +6 ring of dexterity (left tentacle)
 m - an amulet of magic regeneration (around mantle)
 w - an amulet of guardian spirit
Wands
 o - a wand of mindburst (13)
Scrolls
 b - 3 scrolls of poison
 e - 2 scrolls of blinking
 f - 3 scrolls of teleportation
 k - 2 scrolls of enchant weapon
 l - 3 scrolls of immolation
 v - a scroll of noise
 x - 3 scrolls of summoning
Potions
 a - a potion of cancellation {unknown}
 c - 2 potions of magic
 d - a potion of berserk rage {unknown}
 i - 2 potions of might
 j - 2 potions of flight
 p - a potion of resistance {unknown}
 q - a potion of heal wounds {unknown}
 s - a potion of degeneration {unknown}
 t - 2 potions of curing
 u - a potion of brilliance {unknown}


   Skills:
 + Level 3.8 Fighting
 + Level 4.3 Dodging
 + Level 5.4 Stealth
 * Level 6.2 Unarmed Combat
 - Level 2.0 Spellcasting
 + Level 4.2 Transmutations


You had 10 spell levels left.
You knew the following spells:

 Your Spells              Type           Power      Damage    Failure   Level
a - Beastly Appendage     Tmut           30%        N/A       3%          1

Your spell library contained the following spells:

 Spells                   Type           Power      Damage    Failure   Level
 Wereblood                Tmut           15%        N/A       5%          2
 Spider Form              Tmut/Pois      8%         N/A       26%         3
 Ensorcelled Hibernation  Hex/Ice        2%         N/A       30%         2
 Dazzling Flash           Conj/Hex       2%         N/A       52%         3
 Hailstorm                Conj/Ice       1%         3d3       52%         3
 Ice Form                 Ice/Tmut       8%         N/A       65%         4
 Anguish                  Hex/Necr       0%         N/A       90%         4
 Agony                    Necr           1%         N/A       99%         5
 Silence                  Hex/Air        0%         N/A       99%         5
 Simulacrum               Ice/Necr       Unusable   N/A       N/A         6

Dungeon Overview and Level Annotations

Branches:
Dungeon (6/15)             Temple (1/1) D:4           Sewer (visited)

Altars:
Ashenzari
Cheibriados
Dithmenos
Elyvilon
Fedhas
Gozag
Makhleb
Nemelex Xobeh
Qazlal
Trog
Vehumet
Wu Jian
Yredelemnul
Zin
The Shining One

Shops:
D:4 (

Annotations:
D:4 2 transporters


Innate Abilities, Weirdness & Mutations

One of your tentacles has grown a beastly spike.
You cannot wear most types of armour.
You are amphibious.
You can wear up to eight rings at the same time.
Your skin changes colour to match your surroundings (Stealth+).
Your rubbery body absorbs attacks. (AC +1, EV +1)
((You are camouflaged when in or above water. (Stealth+)))
You have tentacles for arms and can constrict up to eight enemies at once.


Message History

You tentacle-slap the orc wizard. You grab the orc wizard.
You pierce the orc wizard.
You squeeze the orc wizard!
The orc wizard is almost dead.
You constrict the orc wizard, but do no damage.
The orc priest invokes the aid of Beogh against you.
Beogh smites you!
The orc wizard hits you with a +0 dagger.
Something hits you.
You tentacle-slap the orc wizard but do no damage.
You pierce the orc wizard, but do no damage.
You tentacle-slap the orc wizard.
You kill the orc wizard!
The orc priest calls down the wrath of Beogh upon you.
Beogh smites you!
You hear some strange, mumbled words.
You are confused.
Something hits you.
You see here the +5 war axe of Honesty {pain, Stlth+}.
You bump into the rock wall.
Something hits you.
* * * LOW HITPOINT WARNING * * *
Something hits you.
* * * LOW HITPOINT WARNING * * *
The orc hits you with a +0 whip.
* * * LOW HITPOINT WARNING * * *
Okay, then.
You are too confused!
It was a potion of curing.
You feel better. The orc hits you with a +0 whip.
* * * LOW HITPOINT WARNING * * *
Something hits you.
* * * LOW HITPOINT WARNING * * *
Found a helmet.
The orc hits you with a +0 whip!
* * * LOW HITPOINT WARNING * * *
Something barely misses you. The orc attacks as you move away!
The orc closely misses you. Something hits you.
* * * LOW HITPOINT WARNING * * *
The orc priest invokes the aid of Beogh against you.
Pain shoots through your body!
You die...
Your body crumbles into a pile of gold.

..# #...##.#
##....#.#
##(......##
.........# [
##..<#..)#
...######..#.#...#
#.....>.@#.......#
....#o.##..<# .
#..{....#
........$......#
.....o....#...##
.......########
$......# .....#
....#


You could see an orc priest and an orc.

Vanquished Creatures
  An ice beast (D:5)
  A black bear (D:5)
  An ogre (D:5)
  A phantom (D:5)
  A kobold brigand (D:4)
  3 bullfrogs
  An orc priest (D:4)
  A gnoll bouda (D:4)
  A jelly (D:5)
  An iguana (D:5)
  2 orc wizards
  4 gnolls
  10 adders
  A shadow imp (D:5)
  A white imp (D:5)
  An ufetubus (D:4)
  2 worms (D:3)
  3 dart slugs
  13 orcs
  13 ball pythons
  15 endoplasms
  10 giant cockroaches
  7 goblins
  8 hobgoblins
  10 jackals
  26 kobolds
  10 quokkas
  9 bats
  8 frilled lizards
  8 rats
173 creatures vanquished.

Vanquished Creatures (others)
  19 plants (D:4)
19 creatures vanquished.

Grand Total: 192 creatures vanquished

Notes
Turn   | Place    | Note
-------+----------+-------------------------------------------
     0 | D:1      | valliere the Octopode Transmuter began the quest for the
                  | Orb.
     0 | D:1      | Reached XP level 1. HP: 13/13 MP: 3/3
   175 | D:1      | Reached XP level 2. HP: 14/18 MP: 3/5
   277 | D:1      | Reached skill level 1 in Stealth
   434 | D:1      | Reached XP level 3. HP: 23/23 MP: 6/6
   884 | D:2      | Reached XP level 4. HP: 28/28 MP: 5/7
  1123 | D:2      | Found a faded altar of an unknown god.
  1584 | D:3      | Reached skill level 4 in Unarmed Combat
  1657 | D:3      | Found a glowing drain.
  1661 | D:3      | Reached XP level 5. HP: 24/34 MP: 8/8
  1673 | Sewer    | Entered a sewer
  2023 | Sewer    | Reached XP level 6. HP: 21/41 MP: 9/9
  2356 | D:3      | Found a bloodstained altar of Trog.
  2704 | D:4      | Found Siadd's Firing Range.
  2771 | D:4      | Reached skill level 5 in Unarmed Combat
  2771 | D:4      | Reached XP level 7. HP: 31/45 MP: 10/10
  2885 | D:4      | Noticed a steam dragon
  2886 | D:4      | Found a white marble altar of Elyvilon.
  2886 | D:4      | Found a transporter.
  2887 | D:4      | Noticed a steam dragon
  2904 | D:4      | Found a transporter.
  3250 | D:4      | Found a staircase to the Ecumenical Temple.
  3294 | Temple   | Entered the Ecumenical Temple
  3336 | Temple   | Became a worshipper of Gozag Ym Sagoz the Greedy
  4195 | D:5      | Entered Level 5 of the Dungeon
  4295 | D:5      | Found a shadowy altar of Dithmenos.
  4403 | D:5      | Found a broken altar of Ashenzari.
  4431 | D:5      | Identified the +3 ring mail of the Glamorous God {Int+5
                  | Dex+2}
  4555 | D:5      | Reached skill level 5 in Stealth
  4555 | D:5      | Reached XP level 8. HP: 8/52 MP: 11/11
  4806 | D:5      | Reached skill level 6 in Unarmed Combat
  5192 | D:6      | Identified the +5 war axe of Honesty {pain, Stlth+}
  5249 | D:6      | Killed from afar by an orc priest

Illustrated notes

Levels and vault maps discovered:
D:1:      dpeg_arrival_erosion, layout_basic
D:2:      layout_rooms, hellmonk_ecumenical_altar_leap_of_faith
D:3:      minmay_skewed_foursquare, layout_basic, mainiacjoe_overflow_catwalk,
          portal_sewer_entry_f, small_statue_intersection,
          amcnicky_mini_pool_small, chequers_serial_rivers_marsh
D:4:      kennysheep_kobold_camp, layout_rooms, gammafunk_temple_overflow_arena,
          temple_hall, nicolae_shop_firing_range
D:5:      layout_basic, mainiacjoe_overflow_concentric_impassable,
          nicolae_ashenzari_panopticon, minmay_misc_feat_four_crosses
D:6:      layout_cave_pools, xom_butterflies, gammafunk_temple_overflow_statue,
          uniq_eustachio
Temple:   hellmonk_temple_of_storms

Skill      XL: |  1  2  3  4  5  6  7  8 |
---------------+-------------------------+-----
Stealth        | 1 2 3 5 |  5.4
Unarmed Combat | 4 5 6 |  6.2
Fighting       | 2 3 |  3.8
Dodging        | 3 4 |  4.3
Transmutations | 3 4 |  4.2
Spellcasting   | |  2.0

Action                   |  1- 3 |  4- 6 |  7- 9 || total
-------------------------+-------+-------+-------++-------
Melee: Unarmed           |    64 |   186 |   141 ||   391
       Constrict         |    16 |    43 |    40 ||    99
       Kick              |    14 |    40 |    35 ||    89
       Tentacles         |    12 |    31 |    36 ||    79
       Punch             |       |     4 |     8 ||    12
 Cast: Beastly Appendage |    19 |    28 |    22 ||    69
  Use: Potion            |       |     1 |     1 ||     2
       Scroll            |       |     4 |     5 ||     9
 Stab: Sleeping          |     6 |    18 |     2 ||    26
Armor: Skin              |     6 |    47 |     6 ||    59
Dodge: Dodged            |    39 |    97 |    59 ||   195

Table legend: (Time is in decaauts)
 A = Elapsed time spent in this place.
 B = Non-inter-level travel time spent in this place.
 C = Inter-level travel time spent in this place.
 D = Time resting spent in this place.
 E = Time spent auto-exploring this place.
 F = Levels seen in this place.
 G = Mean time per level.
                   A        B        C        D        E       F      G
               +--------+--------+--------+--------+--------+-----+--------+
         Total |   5218 |   5040 |    178 |    487 |   3369 |   8 |  652.2 |
       Dungeon |   4649 |   4485 |    164 |    290 |   3234 |   6 |  774.8 |
        Temple |     57 |     43 |     14 |      0 |     24 |   1 |   57.0 |
         Sewer |    510 |    510 |      0 |    197 |    111 |   1 |  510.0 |
               +--------+--------+--------+--------+--------+-----+--------+

Top non-repeatable levels by time:
     D:4: 1252 daAuts
     D:5: 1024 daAuts
     D:3: 978 daAuts
     D:1: 800 daAuts
     D:2: 569 daAuts
   Sewer: 510 daAuts
  Temple: 57 daAuts
     D:6: 24 daAuts
